 Dungeon Crawl Stone Soup version 0.30-a0-222-ge547ba4400 (webtiles) character file.

Game seed: 4830324871119084411

30 qw the Shield-Bearer (level 3, -5/23 HPs)
             Began as a Gargoyle Fighter on Oct 8, 2022.
             Killed from afar by Sigmund (6 damage)
             ... with a magic dart
             ... on level 2 of the Dungeon.
             The game lasted 00:00:24 (927 turns).

qw the Shield-Bearer (Gargoyle Fighter)              Turns: 927, Time: 00:00:25

Health: -5/23      AC: 10    Str: 21    XL:     3   Next: 20%
Magic:  3/3        EV:  9    Int:  8    God:
Gold:   109        SH:  4    Dex:  9    Spells: 2/2 levels left

rFire   . . .      SeeInvis .    Y - +0 war axe
rCold   . . .      Faith    .    c - +0 buckler
rNeg    + . .      Spirit   .    b - +0 scale mail
rPois   inf        Reflect  .    (no helmet)
rElec   +          Harm     .    (no cloak)
rCorr   .          Rampage  .    (no gloves)
Will    .....                    (no boots)
Stlth   ..........               (no amulet)
HPRegen 0.23/turn                (no ring)
MPRegen 0.08/turn                (no ring)

@: no status effects
A: sickness immunity, AC +3, negative energy resistance 1, electricity
resistance, torment resistance 1, petrification resistance
a: no special abilities


You were on level 2 of the Dungeon.
You visited 1 branch of the dungeon, and saw 2 of its levels.

You collected 109 gold pieces.


Innate Abilities, Weirdness & Mutations

You are immune to sickness and miasma.
Your stone body is resilient. (AC +3)
You are immune to poison.
You resist negative energy. (rN+)
You are resistant to electric shocks. (rElec)
You are resistant to unholy torment.
You are immune to petrification.


   Skills:
 - Level 3.2 Fighting
 + Level 3.2 Axes
 - Level 3.2 Armour
 - Level 3.2 Shields


You had 2 spell levels left.
You didn't know any spells.
Your spell library was empty.

Inventory:

Hand Weapons
 h - a +0 mace
 Y - a +0 war axe (weapon)
Armour
 b - a +0 scale mail (worn)
 c - a +0 buckler (worn)
Scrolls
 f - a scroll of vulnerability {unknown}
 j - a scroll of identify
Potions
 a - a potion of invisibility {unknown}
 d - a potion of might
 e - a potion of heal wounds {unknown}
 g - a potion of magic {unknown}
 i - a potion of brilliance {unknown}
 k - a potion of berserk rage {unknown}
 l - a potion of degeneration {unknown}

Dungeon Overview and Level Annotations

Branches:
Dungeon (2/15)

Altars:
Trog

Annotations:
D:2 Sigmund


Message History

You closely miss the quokka.
You feel less confused.
The quokka bites you but does no damage.
Sigmund closely misses you.
You closely miss Sigmund.
Sigmund is moderately wounded.
You miss the quokka. The quokka closely misses you.
The quokka bites you but does no damage.
Sigmund hits you but does no damage.
You barely miss Sigmund.
Sigmund is moderately wounded.
You closely miss the quokka.
The quokka bites you but does no damage.
Sigmund barely misses you. The quokka bites you.
You barely miss Sigmund.
Sigmund is moderately wounded.
You hit the quokka.
The quokka bites you but does no damage.
Sigmund hits you but does no damage.
You miss the quokka.
The quokka is heavily wounded.
You barely miss Sigmund.
The quokka bites you but does no damage.
The quokka bites you.
You barely miss the quokka.
The quokka is heavily wounded.
You barely miss Sigmund. Sigmund barely misses you.
The quokka bites you but does no damage.
The quokka closely misses you.
You barely miss the quokka.
The quokka is heavily wounded.
You hit Sigmund. Sigmund casts a spell at you. The puff of flame hits you!
You block the quokka's attack. Sigmund asks, "Do you like me?"
Sigmund casts a spell at you. The magic dart hits you.
You die...

#.# #. ######.#########.
#................
#.####.#########.
#.####.........#.
#.#..............
#.#.##.###.###...
########.#.##.###.#.####
#......@r...#.....)#..#
......@..#.######.###.##
..#####...## #.## ##.#
..>..# ##.###.##
##.#..#####...#.###
...........#...%..
####.## #.....####
.........<# # #.#.#.#.#
#


You could see Sigmund and a quokka.

Vanquished Creatures
  A worm (D:2)
  3 dart slugs (D:1)
  3 ball pythons
  3 bats
  3 endoplasms
  A giant cockroach (D:1)
  2 goblins
  A hobgoblin (D:1)
  2 frilled lizards
  2 rats (D:1)
21 creatures vanquished.

Notes
Turn   | Place    | Note
-------+----------+-------------------------------------------
     0 | D:1      | qw the Gargoyle Fighter began the quest for the Orb.
     0 | D:1      | Reached XP level 1. HP: 14/14 MP: 1/1
     0 | D:1      | 0 ||| qw: Version: 0.2-a-17-g79969f3
     0 | D:1      | 0 ||| qw: Game counter: 1983
     0 | D:1      | 0 ||| qw: Always use a shield: true
     0 | D:1      | 0 ||| qw: God list: Okawaru
     0 | D:1      | 0 ||| qw: Allow faded altars: false
     0 | D:1      | 0 ||| qw: Do Orc after D:15 true
     0 | D:1      | 0 ||| qw: Do second Lair branch before Depths: true
     0 | D:1      | 0 ||| qw: Lair rune preference: random
     0 | D:1      | 0 ||| qw: Plans: Normal, Zot:1-4, God:TSO, Crypt, Tomb,
                  | Pan, Slime:5, Hells, Abyss, Orb
     0 | D:1      | 0 ||| PLANNING D:1-11
   137 | D:1      | Reached XP level 2. HP: 19/19 MP: 2/2
   212 | D:1      | 212 ||| DROPPING +0 club.
   613 | D:1      | 613 ||| READING 2 scrolls labelled BYXTOPNAEF.
   614 | D:1      | 614 ||| READING scroll labelled OZOUPI MELER.
   615 | D:1      | 615 ||| READING 2 scrolls labelled YGUPADGHAXI.
   616 | D:1      | 616 ||| DROPPING scroll of poison.
   621 | D:2      | Found a faded altar of an unknown god.
   686 | D:2      | 686 ||| STAIRDANCE
   690 | D:2      | Reached skill level 3 in Axes
   694 | D:2      | Found a bloodstained altar of Trog.
   704 | D:2      | Reached XP level 3. HP: 23/23 MP: 3/3
   900 | D:2      | Noticed Sigmund
   901 | D:2      | 901 ||| Stepping ~*~*~tactically~*~*~ (hiding).
   927 | D:2      | HP: 1/23 [Sigmund/puff of flame (8)]
   927 | D:2      | Killed from afar by Sigmund

Levels and vault maps discovered:
D:1:      minmay_arrival_widening_spiral_wide, layout_basic,
          dreamdust_mushroom_princess
D:2:      layout_loops_ring, basic_altar, nicolae_ecumenical_oubliette,
          minivault_23, uniq_sigmund

Skill      XL: |  1  2 |
---------------+-------+-----
Axes           | 2 3 |  3.2
Fighting       | |  3.2
Armour         | |  3.2
Shields        | |  3.2

Action                   || total
-------------------------++-------
Melee: War axe           ||    70
  Use: Scroll            ||     3
Armor: Scale mail        ||    42
Dodge: Dodged            ||    41
Block: Buckler           ||     9

Table legend:
 A = Non-vault XP
 B = Vault XP
 C = Vault XP percentage of total XP
 D = Non-vault monster count
 E = Vault monster count
 F = Vault count percentage of total count
                 A         B        C        D         E       F
            +---------+---------+-------+---------+---------+-------
      Total |      44 |       0 |   0.0 |      21 |       0 |   0.0
            +---------+---------+-------+---------+---------+-------
        D:1 |      27 |       0 |   0.0 |      12 |       0 |   0.0
        D:2 |      17 |       0 |   0.0 |       9 |       0 |   0.0
            +---------+---------+-------+---------+---------+-------
